 Dungeon Crawl Stone Soup version 0.29.1-1-gd02db6906a (webtiles) character file.

Game seed: 3199488611003711010

1561 Powertoast the Gusty (level 8, -2/49 HPs)
             Began as a Tengu Air Elementalist on Sept 20, 2022.
             Slain by an orc warrior
             ... wielding a +0 trident
              (8 damage)
             ... in a bailey.
             The game lasted 00:22:06 (7682 turns).

Powertoast the Gusty (Tengu Air Elementalist)       Turns: 7682, Time: 00:22:07

Health: -2/49      AC:  7    Str: 10    XL:     8   Next: 89%
Magic:  3/13       EV: 15    Int: 20    God:
Gold:   398        SH:  0    Dex: 14    Spells: 3/13 levels left

rFire   . . .      SeeInvis .   f - staff of air
rCold   . . .      Faith    .   (no shield)
rNeg    . . .      Spirit   .   p - +1 leather armour of Sif Muna {Fly rCorr Int+3}
rPois   +          Reflect  .   (helmet restricted)
rElec   +          Harm     .   k - +2 cloak {rPois}
rCorr   +          Rampage  .   (no gloves)
Will    .....                   (boots unavailable)
Stlth   +++.......              (no amulet)
HPRegen 0.16/turn               e - ring of wizardry
MPRegen 0.13/turn               (no ring)

@: flying quickly and evasively, quick
A: beak, talons 3, nimble flight
a: no special abilities


You were in a bailey.
You visited 1 branch of the dungeon, and saw 7 of its levels.
You also visited: Bailey.

You collected 488 gold pieces.
You spent 90 gold pieces at shops.

Inventory:

Hand Weapons
 c - a +3 whip of pain
Missiles
 h - 9 atropa-tipped darts
 w - a throwing net
Armour
 a - a +1 robe
 k - a +2 cloak of poison resistance (worn)
 p - the +1 leather armour of Sif Muna (worn) {Fly rCorr Int+3}
   (You found it on level 3 of the Dungeon)

   Int:       It affects your intelligence (+3).
   Fly:       It grants you flight.
   rCorr:     It protects you from acid and corrosion.
Magical Staves
 f - a staff of air (weapon)
Jewellery
 e - a ring of wizardry (left hand)
Wands
 n - a wand of paralysis (8)
 x - a wand of digging (4)
Scrolls
 i - 3 scrolls of amnesia
 j - a scroll of identify
 m - a scroll of poison {unknown}
 o - 3 scrolls of enchant armour
 u - 2 scrolls of noise
 v - a scroll of immolation {unknown}
 y - a scroll of blinking {unknown}
 z - a scroll of teleportation {unknown}
Potions
 b - 3 potions of magic
 d - a potion of attraction {unknown}
 g - 2 potions of flight {unknown}
 l - 5 potions of curing
 q - 6 potions of mutation {unknown}
 r - a potion of degeneration {unknown}
 s - 3 potions of lignification {unknown}
 t - 2 potions of might
 A - a potion of heal wounds {unknown}
 B - 3 potions of haste {unknown}


   Skills:
 - Level 5.0 Fighting
 - Level 5.0 Staves
 + Level 4.2 Dodging
 - Level 5.0 Stealth
 - Level 3.0 Spellcasting
 - Level 6.0 Conjurations
 - Level 6.0 Air Magic


You had 3 spell levels left.
You knew the following spells:

 Your Spells              Type           Power      Damage    Failure   Level
a - Shock                 Conj/Air       100%       1d9       1%          1
b - Static Discharge      Conj/Air       40%        3-8/arc   1%          2
c - Swiftness             Air            40%        N/A       1%          3
d - Airstrike             Air            20%        2d(3-19)  6%          4

Your spell library contained the following spells:

 Spells                   Type           Power      Damage    Failure   Level
 Beastly Appendage        Tmut           6%         N/A       8%          1
 Wereblood                Tmut           3%         N/A       12%         2
 Inner Flame              Hex/Fire       3%         N/A       22%         3
 Spider Form              Tmut/Pois      3%         N/A       22%         3
 Cause Fear               Hex            1%         N/A       56%         4
 Discord                  Hex            1%         N/A       100%        8


Dungeon Overview and Level Annotations

Branches:
Dungeon (7/15)             Bailey (1/1)
 Temple: D:4-7

Altars:
Hepliaklqana
Okawaru
Yredelemnul
Zin

Annotations:
D:2 Sigmund
D:5 1 runed translucent door, exclusion: black bear, Crazy Yiuf, Grinder
D:6 Dowan, Duvessa


Innate Abilities, Weirdness & Mutations

You have a beak for a mouth.
You have claws for feet.
Your magical nature lets you fly swiftly and evasively.


Message History

The orc warrior is severely wounded.
The lightning grounds out.
The orc warrior closely misses you.
The orc warrior hits you with a +0 trident!
Casting: Static Discharge (safe; 1% risk of failure)
Confirm with . or Enter, or press ? or * to list all spells.
You feel a surge of power!
The orc is struck by an arc of lightning.
The orc is almost dead.
You resist.
You are struck by an arc of lightning.
The lightning grounds out.
The orc barely misses you. The orc warrior misses you.
The orc warrior hits you with a +0 trident.
The orc hits you but does no damage.
Casting: Static Discharge (safe; 1% risk of failure)
Confirm with . or Enter, or press ? or * to list all spells.
You feel a surge of power!
The orc warrior is struck by an arc of lightning.
The orc warrior is almost dead.
You resist.
You are struck by an arc of lightning.
The orc is struck by an arc of lightning.
You kill the orc!
The lightning grounds out.
The orc warrior hits you with a +0 trident!
The orc closely misses you.
The orc warrior hits you with a +0 halberd!
* * * LOW HITPOINT WARNING * * *
Okay, then.
Casting: Static Discharge (safe; 1% risk of failure)
Confirm with . or Enter, or press ? or * to list all spells.
You feel a surge of power!
The orc warrior is struck by an arc of lightning.
The orc warrior is almost dead.
You resist.
You are struck by an arc of lightning.
The orc warrior is struck by an arc of lightning.
The orc warrior is almost dead.
You resist.
You are struck by an arc of lightning.
The orc warrior is struck by an arc of lightning!
You kill the orc warrior!
The lightning grounds out.
The orc warrior hits you with a +0 trident!
You die...

#.....#
#.....#
#.....#
#.....#
##'''##
##.....##
#.......#
#.)#.#..#
#..@....#
#.))oo..#
#..))...#
##oo...##
#'''''#
#.....#
.......
.......#


You could see 3 orc warriors and an orc.

Vanquished Creatures
  A water moccasin (D:5)
  An orc warrior (Bailey)
  3 black bears
  An ogre (D:5)
  2 phantoms (D:6)
  Blork the orc (D:6)
  2 scorpions (D:5)
  A bullfrog (D:7)
  4 killer bees (D:5)
  2 hounds (D:5)
  3 orc priests
  A gnoll bouda (D:6)
  An iguana (D:6)
  2 orc wizards
  6 adders
  7 gnolls
  A white imp (D:6)
  3 dart slugs
  35 orcs
  5 ball pythons
  4 bats
  9 endoplasms
  2 giant cockroaches (D:1)
  3 goblins
  8 hobgoblins
  7 jackals
  8 kobolds
  6 quokkas
  5 frilled lizards
  7 rats
141 creatures vanquished.

Notes
Turn   | Place    | Note
-------+----------+-------------------------------------------
     0 | D:1      | Powertoast the Tengu Air Elementalist began the quest for
                  | the Orb.
     0 | D:1      | Reached XP level 1. HP: 10/10 MP: 4/4
   284 | D:1      | Reached XP level 2. HP: 15/15 MP: 3/6
   488 | D:1      | Found a faded altar of an unknown god.
   729 | D:1      | Reached XP level 3. HP: 19/19 MP: 3/7
   840 | D:1      | Learned a level 2 spell: Static Discharge
   844 | D:1      | Learned a level 3 spell: Swiftness
  1270 | D:2      | Noticed Sigmund
  1897 | D:2      | Reached XP level 4. HP: 24/24 MP: 3/9
  2544 | D:3      | Identified the +1 leather armour of Sif Muna {Fly rCorr
                  | Int+3}
  3050 | D:3      | Reached skill level 5 in Air Magic
  3050 | D:3      | Gained mutation: Your magical nature lets you fly swiftly
                  | and evasively. [Tengu growth]
  3050 | D:3      | Reached XP level 5. HP: 28/28 MP: 8/10
  3972 | D:4      | Reached skill level 5 in Conjurations
  4338 | D:5      | Entered Level 5 of the Dungeon
  4377 | D:5      | Reached XP level 6. HP: 21/32 MP: 7/11
  4382 | D:5      | Learned a level 4 spell: Airstrike
  4497 | D:5      | Found an iron altar of Okawaru.
  4567 | D:5      | Found a hazy altar of Hepliaklqana.
  4573 | D:5      | Noticed a water moccasin
  4597 | D:5      | Found Zin's Purification Station.
  4600 | D:5      | Found a glowing silver altar of Zin.
  4603 | D:5      | Bought a potion of curing for 90 gold pieces
  4888 | D:5      | Reached skill level 5 in Stealth
  4888 | D:5      | Reached skill level 1 in Fighting
  4981 | D:5      | Reached XP level 7. HP: 40/40 MP: 9/12
  5191 | D:5      | Found a runed translucent door.
  5192 | D:5      | Noticed Crazy Yiuf
  5696 | D:5      | Noticed Grinder
  6091 | D:6      | Noticed Blork the orc
  6091 | D:6      | Noticed Dowan
  6108 | D:5      | Reached skill level 5 in Staves
  6108 | D:5      | Reached XP level 8. HP: 41/46 MP: 6/13
  6190 | D:6      | Noticed Duvessa
  6874 | D:6      | Killed Blork the orc
  6875 | D:6      | Reached skill level 5 in Fighting
  7154 | D:6      | Found a basalt altar of Yredelemnul.
  7366 | D:7      | Found a flagged portal.
  7430 | Bailey   | Entered a bailey
  7682 | Bailey   | Slain by an orc warrior

Illustrated notes

Levels and vault maps discovered:
D:1:      roderic_octagonal_star, layout_basic,
          hellmonk_ecumenical_altar_dog_temple, minmay_cut_off
D:2:      layout_basic, nrook_campfire, uniq_sigmund
D:3:      layout_loops_corners
D:4:      minmay_skewed_foursquare, layout_basic, kennysheep_generic_room_11
D:5:      layout_basic, general_overflow_altar, lemuel_tele_altar, zin_purify,
          uniq_crazy_yiuf_cottage, uniq_grinder
D:6:      layout_rooms, mainiacjoe_overflow_cross_hatched,
          minmay_temple_entry_ruins, uniq_blork_the_orc, uniq_duvessa
D:7:      statuecave_lemuel, layout_layer_cave, enter_bailey_2,
          nicolae_ossuary_entry_monument, uniq_maggie
Bailey:   bailey_polearm_5, bailey

Skill      XL: |  1  2  3  4  5  6  7  8 |
---------------+-------------------------+-----
Conjurations   | 2 3 4 5 6 |  6.0
Spellcasting   | 3 |  3.0
Air Magic      | 5 6 |  6.0
Stealth        | 3 5 |  5.0
Fighting       | 2 3 5 |  5.0
Staves         | 5 |  5.0
Dodging        | 4 |  4.2

Action                   |  1- 3 |  4- 6 |  7- 9 || total
-------------------------+-------+-------+-------++-------
Melee: Whip              |    10 |       |       ||    10
       Peck              |     1 |     2 |     2 ||     5
       Staff             |       |    13 |     8 ||    21
       Kick              |       |     1 |     2 ||     3
       Punch             |       |       |     1 ||     1
 Cast: Shock             |    66 |    86 |    73 ||   225
       Static Discharge  |     1 |    12 |    35 ||    48
  Use: Scroll            |       |       |     5 ||     5
Armor: Robe              |     2 |       |       ||     2
       Leather armour    |       |     8 |    21 ||    29
Dodge: Dodged            |     8 |    21 |    46 ||    75
